 Dungeon Crawl Stone Soup version 0.26.1-11-gd32895ea62 (webtiles) character file.

Game seed: 7215002314300306138

1219 pascalblue the Geomancer (level 8, -2/41 HPs)
             Began as a Deep Elf Earth Elementalist on May 6, 2021.
             Killed from afar by a white imp (9 damage)
             ... with a puff of frost
             ... on level 5 of the Dungeon.
             The game lasted 00:21:46 (6787 turns).

pascalblue the Geomancer (DEEE)                     Turns: 6787, Time: 00:21:46

Health: -2/41      AC:  4    Str:  5    XL:     8   Next: 23%
Magic:  7/20       EV: 13    Int: 23    God:
Gold:   163        SH:  5    Dex: 15    Spells: 7/20 levels left

rFire    . . .     SeeInvis .   q - +2 flail (protect)
rCold    . . .     Faith    .   (no shield)
rNeg     + . .     Spirit   .   c - +1 robe
rPois    .         Reflect  +   (no helmet)
rElec    .         Harm     .   f - +0 cloak
rCorr    .         Rampage  .   (no gloves)
Will     .....                  (no boots)
Stlth    ++........             n - amulet of reflection
HPRegen  0.13/turn              b - ring of wizardry
MPRegen  0.17/turn              t - ring of positive energy

@: no status effects
A: no striking features
a: no special abilities


You were on level 5 of the Dungeon.
You visited 1 branch of the dungeon, and saw 5 of its levels.

You collected 163 gold pieces.

Inventory:

Hand Weapons
 d - a +0 club
 g - a +0 dagger
 q - a +2 flail of protection (weapon)
Missiles
 l - 7 boomerangs of dispersal
 p - 84 stones
 u - 8 boomerangs
Armour
 c - a +1 robe (worn)
 f - a +0 cloak (worn)
Jewellery
 b - a ring of wizardry (left hand)
 e - an uncursed amulet of inaccuracy
 n - an amulet of reflection (around neck)
 t - a ring of positive energy (right hand)
Scrolls
 m - a scroll of remove curse
 v - 2 scrolls of teleportation
Potions
 a - a potion of lignification
 h - 2 potions of curing
 i - a potion of haste
 j - a potion of heal wounds {unknown}
 k - a potion of cancellation {unknown}
 o - a potion of ambrosia
 r - a potion of brilliance
 s - a potion of degeneration


   Skills:
 - Level 2.4 Dodging
 - Level 2.4 Stealth
 + Level 6.8 Spellcasting
 + Level 4.4 Conjurations
 + Level 3.7 Transmutations
 * Level 8.1 Earth Magic


You had 7 spell levels left.
You knew the following spells:

 Your Spells              Type           Power        Failure   Level
a - Sandblast             Erth           90%          1%          1
b - Stone Arrow           Conj/Erth      72%          1%          3
c - Lee's Rapid Deconstr  Erth           22%          3%          5
d - Petrify               Tmut/Erth      35%          2%          4

Your spell library contained the following spells:

 Spells                   Type           Power        Failure   Level
 Passwall                 Tmut/Erth      29%          1%          2


Dungeon Overview and Level Annotations

Branches:
Dungeon (5/15)
 Temple: D:4-7

Altars:
Cheibriados
Fedhas
Hepliaklqana
Qazlal
Ru

Annotations:
D:5 Eustachio, Pikel


Message History

Confirm with . or Enter, or press ? or * to list all spells.
Aiming: Stone Arrow (safe; 1% risk of failure)
Press: ? - help, Shift-Dir - straight line, f/p - Grinder
Aim: Grinder (almost dead, 29% to evade)
The stone arrow hits Grinder!!
You kill Grinder!
The white imp gestures at you. The puff of frost hits you!
Eustachio casts a spell.
Eustachio blinks!
Your Earth Magic skill increases to level 8!
The white imp gestures at you. The puff of frost hits you.
The white imp gestures at you. The puff of frost hits you!
* * * LOW HITPOINT WARNING * * *
Okay, then.
The white imp gestures at you. The puff of frost hits you!
You die...

######.###.#.####
#.)........#.####
#.####.##.......#
#.# #.##.......#
#. #.#
#.##....5..## ..
#.# #.##........#
.... #.#
#...........#
.#... #.#
####........#...#
#.##
#.......@.#.#
.#.#
#.######.##.##
#.## #. ......
### ##..#.# .
##<.#.#.# #####
##......# ....#
...#...## ###.#
###...### #.#
#<#.#


You could see a white imp.

Vanquished Creatures
  Grinder (D:5)
  Sigmund (D:2)
  A wyvern (D:4)
  2 ogres (D:4)
  4 lemures
  Blork the orc (D:4)
  A howler monkey (D:5)
  A hound (D:4)
  2 orc priests
  An iguana (D:4)
  2 orc wizards (D:3)
  Ijyb (D:5)
  A hound zombie (D:5)
  4 gnolls (D:3)
  A howler monkey skeleton (D:5)
  9 adders
  An ooze (D:1)
  4 worms
  A dart slug (D:1)
  3 leopard geckos
  10 orcs
  8 bats
  9 giant cockroaches
  6 goblins
  3 hobgoblins
  12 jackals
  6 kobolds
  3 quokkas (D:2)
  7 frilled lizards
  10 rats
116 creatures vanquished.

Notes
Turn   | Place    | Note
-------+----------+-------------------------------------------
     0 | D:1      | pascalblue the Deep Elf Earth Elementalist began the quest
                  | for the Orb.
     0 | D:1      | Reached XP level 1. HP: 10/10 MP: 6/6
   423 | D:1      | Reached XP level 2. HP: 13/15 MP: 1/8
   593 | D:1      | Reached skill level 4 in Earth Magic
  1160 | D:1      | Reached XP level 3. HP: 19/19 MP: 8/10
  1895 | D:2      | Learned a level 3 spell: Stone Arrow
  1962 | D:2      | Reached XP level 4. HP: 24/24 MP: 9/12
  2040 | D:2      | Noticed Sigmund
  2077 | D:2      | Killed Sigmund
  2078 | D:2      | Reached skill level 5 in Earth Magic
  2078 | D:2      | Reached XP level 5. HP: 15/28 MP: 7/14
  2535 | D:2      | Reached skill level 5 in Spellcasting
  2620 | D:2      | Found a faded altar of an unknown god.
  2858 | D:3      | Reached skill level 6 in Earth Magic
  2858 | D:3      | Reached XP level 6. HP: 15/32 MP: 10/15
  2864 | D:3      | Learned a level 5 spell: Lee's Rapid Deconstruction
  2869 | D:3      | Learned a level 4 spell: Petrify
  4494 | D:4      | Found a stormy altar of Qazlal.
  4494 | D:4      | Found a hazy altar of Hepliaklqana.
  4629 | D:4      | Noticed Blork the orc
  4632 | D:4      | Killed Blork the orc
  4633 | D:4      | Reached XP level 7. HP: 36/36 MP: 7/17
  4909 | D:4      | Reached skill level 7 in Earth Magic
  5067 | D:4      | Found a blossoming altar of Fedhas.
  5067 | D:4      | Found a sacrificial altar of Ru.
  5406 | D:4      | Noticed a wyvern
  5411 | D:4      | Killed a wyvern
  5734 | D:5      | Entered Level 5 of the Dungeon
  5814 | D:5      | Noticed Pikel
  6157 | D:5      | Noticed Ijyb
  6160 | D:5      | Killed Ijyb
  6176 | D:5      | Found a snail-covered altar of Cheibriados.
  6546 | D:5      | Reached XP level 8. HP: 41/41 MP: 9/19
  6763 | D:5      | Noticed Grinder
  6768 | D:5      | Noticed Eustachio
  6769 | D:5      | Paralysed by Grinder for 2 turns
  6771 | D:5      | Killed Grinder
  6772 | D:5      | Reached skill level 8 in Earth Magic
  6787 | D:5      | Killed from afar by a white imp

Illustrated notes

Levels and vault maps discovered:
D:1:      evilmike_arrival_crescent, layout_basic,
          chequers_serial_rivers_small_b, nrook_campfire
D:2:      layout_basic, nicolae_overflow_hidden_temple,
          chequers_ecumenical_altar_grove, uniq_sigmund
D:3:      layout_loops_ring, gup_sewer_entry_glass
D:4:      layout_loops_ring, grunt_temple_overflow_open,
          gammafunk_temple_overflow_elements, uniq_blork_the_orc
D:5:      layout_loops_ring, kennysheep_slug_shrine, uniq_ijyb, uniq_eustachio,
          uniq_grinder, uniq_pikel

Skill      XL: |  1  2  3  4  5  6  7  8 |
---------------+-------------------------+-----
Earth Magic    | 4 5 6 7 8 |  8.1
Spellcasting   | 4 5 6 |  6.8
Conjurations   | 2 3 4 |  4.4
Transmutations | 2 3 |  3.7
Dodging        | |  2.4
Stealth        | |  2.4

Action                   |  1- 3 |  4- 6 |  7- 9 || total
-------------------------+-------+-------+-------++-------
Melee: Club              |    30 |       |       ||    30
       Dagger            |    20 |    18 |       ||    38
       Flail             |       |    28 |    12 ||    40
 Cast: Sandblast         |    49 |    43 |     1 ||    93
       Stone Arrow       |       |    34 |    58 ||    92
  Use: Scroll            |     2 |     6 |     4 ||    12
 Stab: Sleeping          |     3 |     1 |       ||     4
Armor: Robe              |    17 |    13 |     5 ||    35
Dodge: Dodged            |    65 |    60 |    19 ||   144
Block: Other             |     2 |    24 |     8 ||    34
